AoeStats
← JLoos

Baltic

510438116Analyzed
2v2 RM · 2d ago on Oct 1, 2026· 57m 38s· 4 players
Game mode
Random Map
Map size
Medium (4 player)
Population
200
Speed
Normal
Resources
Standard
Victory
Conquest
Starting age
Dark Age
Ending age
Imperial Age
RankedLock teamsTeams togetherTeam positionsShared explorationLock speedFull tech treeHidden civsTurbo modeCheats
Victory
Defeat
🇺🇸 Huns · United States
922
+16
🇨🇱 Gurjaras · Chile
904
+16
🇧🇷 Varangians · Brazil
922
-16
🇧🇷 Japanese · Brazil
917
-16
Neumanoooo
10:17 Feudal Age
17:49 Castle Age
17:17 Horse Collar
17:24 Double-Bit Axe
18:24 Wheelbarrow
18:06 Gold Mining
28:16 Imperial Age
26:31 Ballistics
26:03 Fletching
26:13 Padded Archer Armor
26:48 Heavy Plow
31:38 Bow Saw
31:44 Bloodlines
31:34 Husbandry
31:56 Cavalier
32:44 Thumb Ring
32:54 Scale Barding Armor
33:00 Forging
32:45 Bodkin Arrow
33:06 Leather Archer Armor
32:51 Scale Mail Armor
33:44 Gold Shaft Mining
32:59 Stone Mining
34:17 Two-Man Saw
34:26 Paladin
37:29 Iron Casting
37:14 Chain Barding Armor
38:05 Chemistry
37:33 Conscription
37:37 Caravan
39:55 Town Watch
40:25 Hand Cart
40:32 Hand Cart
40:04 Loom
42:59 Bracer
43:59 Blast Furnace
Kabewski
8:23 Loom
11:57 Feudal Age
17:29 Castle Age
16:39 Double-Bit Axe
19:35 Stone Mining
20:51 Medium Warships
22:22 Fletching
27:18 Forging
27:09 Scale Mail Armor
28:48 Wheelbarrow
28:00 Town Watch
29:02 Bow Saw
29:33 Heated Shot
30:12 Fishing Lines
30:55 Hand Cart
30:54 Kshatriyas
31:30 Ballistics
30:54 Treadmill Crane
31:25 Careening
31:12 Gillnets
32:02 Chain Mail Armor
32:26 Horse Collar
32:38 Gold Mining
33:48 Masonry
34:39 Gold Shaft Mining
34:55 Arson
35:47 Iron Casting
36:04 Husbandry
37:12 Bloodlines
38:05 Fortified Wall
39:06 Scale Barding Armor
40:08 Chain Barding Armor
45:20 Imperial Age
43:10 Hand Cart
43:49 Bodkin Arrow
44:27 Heavy Plow
45:28 Heavy Camel Rider
48:53 Chemistry
48:09 Clinker Construction
48:56 Conscription
50:39 Plate Mail Armor
50:45 Plate Barding Armor
50:11 Bracer
51:09 Elite Chakram Thrower
53:31 Frontier Guards
55:24 Heavy Warships
56:27 Chemistry
JLoos
7:14 Loom
10:10 Feudal Age
11:57 Wheelbarrow
11:35 Horse Collar
11:43 Double-Bit Axe
20:19 Castle Age
22:49 Hand Cart
23:02 Scale Barding Armor
23:08 Forging
22:49 Fletching
22:59 Padded Archer Armor
23:15 Heavy Plow
23:57 Bow Saw
26:44 Gold Mining
26:55 Bodkin Arrow
32:24 Imperial Age
31:09 Leather Archer Armor
31:15 Chain Barding Armor
32:53 Iron Casting
32:19 Scale Mail Armor
33:14 Bracer
33:51 Murder Holes
34:17 Ballistics
34:01 Town Watch
34:16 Pikeman
34:46 Arson
35:04 Squires
37:03 Two-Man Saw
36:14 Stone Mining
36:59 Gold Shaft Mining
37:02 Crossbowman
38:28 Guard Tower
39:22 Husbandry
41:38 Ring Archer Armor
41:23 Chain Mail Armor
42:09 Blast Furnace
42:00 Parthian Tactics
43:52 Chemistry
42:38 Arrowslits
48:23 Elite Skirmisher
49:40 Halberdier
sabotaaa
10:13 Loom
12:21 Feudal Age
13:17 Double-Bit Axe
16:06 Horse Collar
22:02 Castle Age
21:14 Gold Mining
22:17 Bloodlines
25:18 Bow Saw
25:00 Stone Mining
26:57 Wheelbarrow
26:08 Town Watch
31:22 Hand Cart
31:08 Town Patrol
31:15 Fishing Lines
34:35 Imperial Age
32:01 Treadmill Crane
32:30 Fletching
32:53 Forging
32:45 Padded Archer Armor
34:07 Clinker Construction
34:19 Careening
34:08 Murder Holes
34:36 Masonry
35:59 Husbandry
35:28 Elite Longship
38:25 Two-Man Saw
37:45 Heavy Plow
37:16 Cavalier
38:59 Leather Archer Armor
38:43 Bodkin Arrow
39:52 Crop Rotation
40:54 Pikeman
41:59 Bracer
42:20 Halberdier
43:01 Squires
46:39 Scale Mail Armor
46:46 Scale Barding Armor
47:17 Iron Casting
49:51 Stone Shaft Mining
51:46 Chain Barding Armor
53:25 Plate Barding Armor
53:51 Blast Furnace
54:18 Chemistry
53:39 Ballistics
53:30 Fortified Wall
Connection lost

Rejoining the realm…

Still unreachable

The connection could not be restored.

Session expired

The server has moved on; the page needs a fresh start.